 Dungeon Crawl Stone Soup version 0.20.1-1-g8b1a95d (webtiles) character file.

1634 keltmir the Carver (level 8, -9/73 HPs)
             Began as a Minotaur Abyssal Knight on Oct 27, 2017.
             Was a Priest of Lugonu.
             Killed from afar by an oklob plant (13 damage)
             ... with a splash of acid
             ... on level 6 of the Dungeon.
             The game lasted 00:28:10 (7406 turns).

keltmir the Carver (Minotaur Abyssal Knight)        Turns: 7406, Time: 00:28:11

Health: -9/73      AC:  1    Str: 19    XL:     8   Next: 66%
Magic:  8/8        EV:  7    Int:  9    God:    Lugonu [***...]
Gold:   254        SH:  0    Dex: 10    Spells: 5/7 levels left

rFire    . . .     SeeInvis .   a - +1 falchion
rCold    . . .     Gourm    .   (no shield)
rNeg     . . .     Faith    .   k - +0 chain mail
rPois    .         Spirit   .   (helmet restricted)
rElec    .         Reflect  .   (no cloak)
rCorr    .         Harm     .   (no gloves)
MR       .....                  i - +0 pair of boots
Stlth    ..........             (no amulet)
Regen    0.3/turn               (no ring)
MPRegen  0.2/turn               (no ring)

@: corroded
A: retaliatory headbutt, horns 2
a: Depart the Abyss, Bend Space, Banish, Renounce Religion


You were on level 6 of the Dungeon.
You worshipped Lugonu.
Lugonu was most pleased with you.
You were hungry.

You visited 1 branch of the dungeon, and saw 6 of its levels.
You visited the Abyss 1 time.

You collected 254 gold pieces.

Inventory:

Hand Weapons
 a - a +1 falchion (weapon)
Missiles
 e - 2 throwing nets (quivered)
 z - 4 tomahawks
Armour
 i - a +0 pair of boots (worn)
 k - a +0 chain mail (worn)
Jewellery
 m - a +2 ring of dexterity
 p - an uncursed ring of protection from cold
Wands
 q - a wand of random effects (48/48)
 F - a wand of lightning (0/15)
Scrolls
 b - 2 scrolls of enchant weapon {unknown}
 c - a scroll of remove curse
 f - 5 scrolls of recharging
 g - 3 scrolls of magic mapping
 s - 7 scrolls of identify
 t - a scroll of torment {unknown}
 u - a scroll of amnesia {unknown}
 y - a scroll of enchant armour {unknown}
 C - 2 scrolls of teleportation
 D - a scroll of fear {unknown}
 E - a scroll of summoning {unknown}
Potions
 d - a potion of mutation
 h - 2 potions of lignification
 r - a potion of flight {unknown}
 w - a potion of degeneration {unknown}
 x - a potion of cancellation {unknown}
 A - a potion of brilliance {unknown}
Books
 n - a book of Minor Magic

   Spells                             Type                      Level
   a - Magic Dart                     Conjuration                  1
   b - Blink                          Translocation                2
   c - Call Imp                       Summoning                    2
   d - Slow                           Hexes                        2
   e - Conjure Flame                  Conjuration/Fire             3
   f - Mephitic Cloud                 Conjuration/Poison/Air       3
 v - a book of Conjurations

   Spells                             Type                      Level
   a - Magic Dart                     Conjuration                  1
   b - Searing Ray                    Conjuration                  2
   c - Dazzling Spray                 Conjuration/Hexes            3
   d - Fulminant Prism                Conjuration/Hexes            4
   e - Force Lance                    Conjuration/Translocation    4
   f - Iskenderun's Mystic Blast      Conjuration                  4
 B - a book of Air

   Spells                             Type                      Level
   a - Shock                          Conjuration/Air              1
   b - Swiftness                      Charms/Air                   2
   c - Static Discharge               Conjuration/Air              3
   d - Airstrike                      Air                          4
   e - Lightning Bolt                 Conjuration/Air              5
Comestibles
 j - 2 bread rations
 l - 2 meat rations
 o - a fruit


   Skills:
 + Level 7.0 Fighting
 * Level 11.7 Long Blades
 - Level 2.4 Armour
 - Level 1.1 Dodging
 - Level 1.7 Invocations


You had 5 spell levels left.
You knew the following spells:

 Your Spells              Type           Power        Failure   Level  Hunger
a - Blink                 Tloc           N/A          100%        2    ###....


Dungeon Overview and Level Annotations

Branches:
Dungeon (6/15)             Temple (0/1) D:4

Altars:
Makhleb
Okawaru

Annotations:
D:6 exclusion: oklob plant


Innate Abilities, Weirdness & Mutations

You reflexively headbutt those who attack you in melee.
You have a pair of horns on your head.


Message History

You are feeling hungry.
You slash the oklob plant!
The oklob plant is moderately damaged.
You hit the oklob plant.
The oklob plant is moderately damaged.
The oklob plant spits acid at you. The splash of acid hits you!
The acid corrodes you!
You are splashed with acid!
The acid burns!
You hit the oklob plant but do no damage.
The oklob plant is moderately damaged.
You slash the oklob plant!
The oklob plant is heavily damaged.
The oklob plant spits acid at you. The splash of acid hits you!
* * * LOW HITPOINT WARNING * * *
The acid corrodes you!
You are splashed with acid!
The acid burns!
* * * LOW HITPOINT WARNING * * *
The oklob plant spits acid at you. The splash of acid hits you!
You die...

....######.# #.#
#.....# #. ....# #.#
#.# ###.### ####.
...># #.# #.#####.###
#.... .#### #.#
#.........# #.### .#
#.# #....##.#.## #.#
.# #.# #..P.##....#
#.# .#
#.####.P_P####..# #.#
.# #.......P# #..# #.#
##
######.@######..####.#
#............##.#
#.#.########.##.#
#.#.# #.##.### #.#.#
#....... #.#.##
######.# #.#..# #.#
#.##.# #.# #.##.# #.#


You could see an oklob plant.

Vanquished Creatures
  A water moccasin (D:6)
  A sky beast (D:6)
  2 phantoms (D:6)
  A centaur (D:5)
  2 bullfrogs (D:6)
  A water moccasin zombie (D:6)
  2 scorpions
  2 crimson imps (D:6)
  A jelly (D:6)
  4 orc priests
  2 hounds
  A gnoll shaman (D:4)
  2 iguanas
  Natasha (thrice) (D:2)
  5 orc wizards
  4 worker ants
  A hound zombie (D:6)
  3 gnolls
  8 adders
  2 oozes
  5 worms
  A dart slug (D:1)
  7 leopard geckos
  14 orcs
  5 bats
  4 giant cockroaches
  5 goblins
  7 hobgoblins
  8 jackals
  3 kobolds
  3 quokkas
  3 ball pythons
  12 frilled lizards
  A leopard gecko skeleton (D:6)
  A quokka skeleton (D:6)
  4 rats
131 creatures vanquished.

Notes
Turn   | Place    | Note
-------+----------+-------------------------------------------
     0 | Abyss:1  | keltmir the Minotaur Abyssal Knight began the quest for the Orb.
     0 | Abyss:1  | Reached XP level 1. HP: 19/19 MP: 1/1
    30 | D:1      | Escaped the Abyss
   530 | D:1      | Reached skill level 3 in Long Blades
   530 | D:1      | Reached XP level 2. HP: 27/27 MP: 2/2
   978 | D:2      | Found a burning altar of Makhleb.
   998 | D:2      | Reached skill level 4 in Long Blades
   998 | D:2      | Reached XP level 3. HP: 8/33 MP: 3/3
  1463 | D:2      | Noticed Natasha
  1473 | D:2      | Killed Natasha
  1473 | D:2      | Reached XP level 4. HP: 9/41 MP: 4/4
  1584 | D:2      | Reached ** piety under Lugonu
  1699 | D:2      | Reached skill level 5 in Long Blades
  1761 | D:2      | Noticed Natasha
  1767 | D:2      | Killed Natasha
  1841 | D:2      | Noticed Natasha
  1851 | D:2      | Killed Natasha
  1851 | D:2      | Reached XP level 5. HP: 22/47 MP: 5/5
  2078 | D:2      | Learned a level 2 spell: Blink
  2524 | D:3      | Reached skill level 5 in Fighting
  2530 | D:3      | Reached skill level 6 in Long Blades
  3193 | D:3      | Reached XP level 6. HP: 51/56 MP: 6/6
  3394 | D:3      | Reached skill level 7 in Long Blades
  4045 | D:4      | Found a staircase to the Ecumenical Temple.
  4128 | D:4      | Reached *** piety under Lugonu
  4764 | D:5      | Entered Level 5 of the Dungeon
  4803 | D:5      | Reached skill level 8 in Long Blades
  5033 | D:5      | Reached XP level 7. HP: 43/61 MP: 7/7
  5536 | D:5      | Reached skill level 9 in Long Blades
  5905 | D:6      | Reached skill level 10 in Long Blades
  5905 | D:6      | Reached XP level 8. HP: 55/70 MP: 8/8
  6722 | D:6      | Found an iron altar of Okawaru.
  6722 | D:6      | Noticed an oklob plant
  6827 | D:6      | Reached skill level 11 in Long Blades
  7406 | D:6      | Killed from afar by an oklob plant

Skill      XL: |  1  2  3  4  5  6  7  8 |
---------------+-------------------------+-----
Long Blades    | 3 4 5 6 8 10 11 | 11.7
Fighting       | 4 5 6 7 |  7.0
Armour         | |  2.4
Dodging        | |  1.1
Invocations    | |  1.7

Action                   |  1- 3 |  4- 6 |  7- 9 || total
-------------------------+-------+-------+-------++-------
Melee: Falchion          |    70 |   202 |   230 ||   502
       Headbutt          |     8 |    34 |    44 ||    86
Invok: Bend Space        |       |     1 |       ||     1
Evoke: Wand              |       |       |     1 ||     1
  Use: Scroll            |       |     9 |     1 ||    10
       Potion            |       |     1 |       ||     1
  Eat: Chunk             |     2 |     7 |     7 ||    16
       Bread ration      |       |     1 |       ||     1
Armor: Leather armour    |     8 |       |       ||     8
       Chain mail        |    57 |   118 |   105 ||   280
       Skin              |       |     3 |       ||     3
Dodge: Dodged            |    44 |    91 |    61 ||   196
       Rpst.: Falchion   |    12 |    20 |    24 ||    56
